 Dungeon Crawl Stone Soup version 0.23-a0-819-g6debee6 (webtiles) character file.

124 tilp the Chiller (level 5, -13/35 HPs)
             Began as a Merfolk Ice Elementalist on Jan 22, 2019.
             Was an Initiate of Makhleb.
             Mangled by an ogre
             ... wielding a +0 giant spiked club
              (21 damage)
             ... on level 4 of the Dungeon.
             The game lasted 00:09:55 (4509 turns).

tilp the Chiller (Merfolk Ice Elementalist)         Turns: 4509, Time: 00:09:56

Health: -13/35     AC:  7    Str:  9    XL:     5   Next: 8%
Magic:  2/8        EV: 13    Int: 15    God:    Makhleb [......]
Gold:   151        SH:  0    Dex: 14    Spells: 2/8 levels left

rFire    . . .     SeeInvis .   a - +0 short sword (speed)
rCold    . . .     Gourm    .   (no shield)
rNeg     . . .     Faith    .   f - +0 robe
rPois    .         Spirit   .   (no helmet)
rElec    .         Reflect  .   (no cloak)
rCorr    .         Harm     .   (no gloves)
MR       .....                  (no boots)
Stlth    ++........             (no amulet)
HPRegen  0.11/turn              (no ring)
MPRegen  0.11/turn              (no ring)

@: icy armour
A: change form in water, swift swim, stealthy swim
a: Renounce Religion


You were on level 4 of the Dungeon.
You worshipped Makhleb.
Makhleb was noncommittal.
You were very hungry.

You visited 1 branch of the dungeon, and saw 4 of its levels.

You collected 151 gold pieces.

Inventory:

Hand Weapons
 a - a +0 short sword of speed (weapon)
 m - a +0 halberd
Missiles
 b - 108 stones (quivered)
Armour
 f - a +0 robe (worn)
Jewellery
 k - an uncursed ring of flight {unknown}
Wands
 t - a wand of scattershot (5)
Scrolls
 e - 4 scrolls of remove curse {unknown}
 h - a scroll of enchant armour {unknown}
 j - 2 scrolls of teleportation
 n - a scroll of immolation {unknown}
 p - 2 scrolls of identify {unknown}
 r - a scroll of fear {unknown}
 u - a scroll of enchant weapon {unknown}
 v - a scroll of blinking {unknown}
 w - a scroll of fog {unknown}
Potions
 d - 2 potions of agility
 g - a potion of magic {unknown}
 i - a potion of flight {unknown}
 l - 2 potions of heal wounds {unknown}
 o - 3 potions of curing {unknown}
 q - 2 potions of haste {unknown}
 s - a potion of lignification {unknown}
Comestibles
 c - 11 rations


   Skills:
 - Level 2.6 Dodging
 - Level 2.1 Stealth
 - Level 2.0 Spellcasting
 - Level 0.7 Conjurations
 + Level 6.2 Ice Magic


You had 2 spell levels left.
You knew the following spells:

 Your Spells              Type           Power        Failure   Level  Hunger
a - Freeze                Ice            ###.         1%          1    #......
b - Throw Frost           Conj/Ice       ##....       9%          2    ###....
c - Ozocubu's Armour      Chrm/Ice       ##......     19%         3    ###....

Your spell library contained the following spells:

 Spells                   Type           Power        Failure   Level  Hunger
 Throw Icicle             Conj/Ice       ##......     47%         4    #####..
 Summon Ice Beast         Ice/Summ       ##......     52%         4    #####..


Dungeon Overview and Level Annotations

Branches:
Dungeon (4/15)
 Temple: D:4-7

Altars:
Cheibriados
Kikubaaqudgha
Makhleb

Annotations:
D:2 Terence


Message History

* * * LOW HITPOINT WARNING * * *
Casting: Freeze (safe; 1% risk of failure)
Confirm with . or Enter, or press ? or * to list all spells.
Aiming: Freeze (safe; 1% risk of failure)
Press: ? - help, Shift-Dir - straight line, f/p - ogre
Aim: an ogre, wielding a +0 giant spiked club (moderately wounded)
You freeze the ogre.
The ogre is severely wounded.
The ogre completely misses you.
Casting: Freeze (safe; 1% risk of failure)
Confirm with . or Enter, or press ? or * to list all spells.
Aiming: Freeze (safe; 1% risk of failure)
Press: ? - help, Shift-Dir - straight line, f/p - ogre
Aim: an ogre, wielding a +0 giant spiked club (severely wounded)
You freeze the ogre.
The ogre is almost dead.
The worker ant barely misses you.
The ogre hits you with a +0 giant spiked club!!
Ouch! That really hurt!
You die...

.............................#
#
........................#....#
......................#....#
...........................#
...........................#
#############..##.#. .#....#
#)....#.# #.#....# #.#.>.#
#....#@.# #.#..#Oa......
#....(....#### ...#(##.....
..###. #....# .# . .....# ..
##...# .. ...#


You could see an ogre and a worker ant.

Vanquished Creatures
  A hound (D:2)
  A hound skeleton (D:4)
  A gnoll (D:1)
  An adder (D:3)
  An ooze (D:1)
  A worm (D:3)
  3 dart slugs
  An orc (D:4)
  3 bats
  9 giant cockroaches
  2 goblins (D:1)
  7 hobgoblins
  2 jackals (D:4)
  3 kobolds
  2 ball pythons
  2 frilled lizards
  9 rats
49 creatures vanquished.

Notes
Turn   | Place    | Note
-------+----------+-------------------------------------------
     0 | D:1      | tilp the Merfolk Ice Elementalist began the quest for the
                  | Orb.
     0 | D:1      | Reached XP level 1. HP: 13/13 MP: 3/3
   391 | D:1      | Reached XP level 2. HP: 19/19 MP: 1/5
   438 | D:1      | Learned a level 2 spell: Throw Frost
   473 | D:1      | Reached skill level 4 in Ice Magic
  1067 | D:1      | Reached XP level 3. HP: 24/24 MP: 6/6
  1204 | D:1      | Learned a level 3 spell: Ozocubu's Armour
  1778 | D:2      | Noticed Terence
  1885 | D:2      | Found a burning altar of Makhleb.
  1890 | D:2      | Reached skill level 5 in Ice Magic
  1890 | D:2      | Reached XP level 4. HP: 26/30 MP: 2/7
  1937 | D:2      | Became a worshipper of Makhleb the Destroyer
  3162 | D:3      | Found a snail-covered altar of Cheibriados.
  3483 | D:4      | Found an ancient bone altar of Kikubaaqudgha.
  3612 | D:4      | Reached skill level 6 in Ice Magic
  3612 | D:4      | Reached XP level 5. HP: 16/35 MP: 8/8
  3806 | D:4      | Noticed a phantom
  3823 | D:4      | Noticed a phantom
  4503 | D:4      | Noticed an ogre
  4509 | D:4      | Mangled by an ogre

Vault maps used:
D:1:      dpeg_arrival_prison
D:2:      makhleb_heckhound_becter, uniq_terence
D:3:      lemuel_coloured_pillars_altar
D:4:      old_standard_altar, first_ration, minmay_ruined_shrine

Skill      XL: |  1  2  3  4 |
---------------+-------------+-----
Ice Magic      | 4 5 6 |  6.2
Dodging        | |  2.6
Stealth        | |  2.1
Spellcasting   | |  2.0
Conjurations   | |  0.7

Action                   |  1- 3 |  4- 6 || total
-------------------------+-------+-------++-------
Melee: Short sword       |    47 |    92 ||   139
Throw: Stone             |    18 |     2 ||    20
 Cast: Freeze            |    30 |    19 ||    49
       Ozocubu's Armour  |       |     3 ||     3
  Use: Scroll            |     1 |       ||     1
 Stab: Sleeping          |     4 |     2 ||     6
  Eat: Chunk             |     4 |     7 ||    11
Armor: Robe              |     9 |    13 ||    22
Dodge: Dodged            |    45 |    49 ||    94

Table legend:
 A = Non-vault XP
 B = Vault XP
 C = Vault XP percentage of total XP
 D = Non-vault monster count
 E = Vault monster count
 F = Vault count percentage of total count
                 A         B        C        D         E       F
            +---------+---------+-------+---------+---------+-------
      Total |     131 |      47 |  26.4 |      46 |       3 |   6.1
            +---------+---------+-------+---------+---------+-------
        D:1 |      51 |       4 |   7.3 |      19 |       2 |   9.5
        D:2 |      12 |      43 |  78.2 |       7 |       1 |  12.5
        D:3 |      41 |       0 |   0.0 |      15 |       0 |   0.0
        D:4 |      27 |       0 |   0.0 |       5 |       0 |   0.0
            +---------+---------+-------+---------+---------+-------
